 Dungeon Crawl Stone Soup version 0.30-a0-953-g5f1da4a474 (webtiles) character file.

Game seed: 5672203909515536484

1621 voltaire321 the Covert (level 9, -1/46 (52) HPs)
             Began as a Kobold Enchanter on Mar 29, 2023.
             Was an Initiate of Makhleb.
             Slain by a wight
             ... wielding a +0 falchion
              (2 damage)
             ... on level 5 of the Dungeon.
             The game lasted 00:19:28 (7140 turns).

voltaire321 the Covert (Kobold Enchanter)           Turns: 7140, Time: 00:19:29

HP:   -1/46 (52)    AC:  5    Str:  7    XL:     9   Next: 17%
MP:   24/24         EV: 16    Int: 17    God:    Makhleb [......]
Gold: 223           SH:  0    Dex: 17    Spells: 11/16 levels left

rFire   . . .      SeeInvis .    d - +1 dagger (vamp)
rCold   . . .      Faith    +    (no shield)
rNeg    . . .      Spirit   .    u - +0 leather armour
rPois   .          Reflect  .    (no helmet)
rElec   .          Rampage  .    (no cloak)
rCorr   .                        f - +1 pair of gloves
Will    ++...                    (no boots)
Stlth   +++++                    z
                                   - Hermit's Pendant {Faith Invo=14 Evo=0 MP+5}
HPRegen 0.27/turn                j - ring of willpower
MPRegen 0.19/turn                l - ring of willpower

@: heavily drained
A: small, no large weapons, nightstalker 3
a: Renounce Religion


You were on level 5 of the Dungeon.
You worshipped Makhleb.
Makhleb was noncommittal.
You visited 2 branches of the dungeon, and saw 7 of its levels.

You collected 223 gold pieces.

Inventory:

Hand Weapons
 a - a +2 dagger
 d - a +1 vampiric dagger (weapon)
Missiles
 v - 2 throwing nets
Armour
 f - a +1 pair of gloves (worn)
 u - a +0 leather armour (worn)
 w - an orb of mayhem
Jewellery
 j - a ring of willpower (left hand)
 l - a ring of willpower (right hand)
 z - the Hermit's Pendant (around neck) {Faith Invo=14 Evo=0 MP+5}
   (You found it on level 4 of the Dungeon)

   [amulet of faith]

   Invo=14: It sets your Invocations skill to 14.
   Evo=0: It sets your Evocations skill to 0.
   It allows you to gain divine favour quickly.
   MP:        It affects your magic capacity (+5).
 B - an amulet of magic regeneration
Wands
 b - a wand of flame (4)
Scrolls
 g - 8 scrolls of identify
 i - 2 scrolls of fear
 p - a scroll of teleportation
 q - a scroll of amnesia
 s - a scroll of blinking
 A - a scroll of silence
Potions
 c - 2 potions of invisibility
 e - 3 potions of mutation
 h - 3 potions of heal wounds
 m - 2 potions of cancellation {unknown}
 n - 2 potions of lignification {unknown}
 o - a potion of ambrosia {unknown}
 r - a potion of resistance {unknown}
 x - 3 potions of attraction {unknown}
 C - a potion of curing {unknown}
 D - a potion of might {unknown}


   Skills:
 + Level 3.7 Fighting
 + Level 5.0 Short Blades
 + Level 2.4 Armour
 + Level 4.9 Dodging
 * Level 8.5 Stealth
 + Level 4.3 Spellcasting
 + Level 4.6 Hexes
 + Level 3.3 Ice Magic


You had 11 spell levels left.
You knew the following spells:

 Your Spells              Type           Power      Damage    Failure   Level
a - Ensorcelled Hibernat  Hex/Ice        34%        N/A       7%          2
b - Tukima's Dance        Hex            19%        N/A       10%         3

Your spell library contained the following spells:

 Spells                   Type           Power      Damage    Failure   Level
 Confusing Touch          Hex            19%        N/A       10%         3
 Beastly Appendage        Tmut           6%         N/A       22%         1
 Necrotise                Necr           12%        1d4       22%         1
 Sandblast                Erth           6%         2d5       22%         1
 Dazzling Flash           Conj/Hex       22%        N/A       26%         3
 Passwall                 Tmut/Erth      2%         N/A       32%         2
 Wereblood                Tmut           3%         N/A       32%         2
 Spider Form              Tmut/Pois      3%         N/A       54%         3
 Stone Arrow              Conj/Erth      6%         3d7       54%         3
 Vampiric Draining        Necr           3%         2d6       54%         3
 Agony                    Necr           3%         N/A       99%         5


Dungeon Overview and Level Annotations

Branches:
Dungeon (6/15)             Temple (1/1) D:5

Altars:
Ashenzari
Cheibriados
Dithmenos
Elyvilon
Fedhas
Gozag
Kikubaaqudgha
Makhleb
Nemelex Xobeh
Okawaru
Qazlal
Ru
Sif Muna
Trog
Uskayaw
Vehumet
Wu Jian
Xom
Yredelemnul
Zin
The Shining One


Innate Abilities, Weirdness & Mutations

You are small and have problems with some larger weapons.
You are completely attuned to the shadows.


Message History

The wight completely misses you.
You hit the wight.
The wight is lightly damaged.
The wight hits you with a +0 falchion!
You feel drained.
You hit the wight but do no damage.
The wight is lightly damaged.
The wight barely misses you.
You closely miss the wight. You punch the wight.
The wight is moderately damaged.
You closely miss the wight.
The wight is moderately damaged.
The wight misses you.
Things that are here:
a +3 battleaxe; a +0 robe The wight attacks as you move away!
The wight closely misses you. The wight attacks as you move away!
The wight hits you with a +0 falchion.
You feel drained. The wight attacks as you move away! The wight misses you.
The wight attacks as you move away! The wight hits you with a +0 falchion!
The wight attacks as you move away! The wight hits you with a +0 falchion.
You feel drained.
* * * LOW HITPOINT WARNING * * *
The wight attacks as you move away! The wight closely misses you.
The wight attacks as you move away! The wight barely misses you.
There is a stone staircase leading up here.
The wight closely misses you.
You climb upwards.
There is a stone staircase leading down here.
You hit the wight. You punch the wight, but do no damage.
The wight is heavily damaged.
The wight hits you with a +0 falchion!
* * * LOW HITPOINT WARNING * * *
You hit the wight but do no damage.
The wight is heavily damaged.
You hit the wight but do no damage.
The wight is heavily damaged.
The wight hits you with a +0 falchion.
* * * LOW HITPOINT WARNING * * *
You feel drained.
You die...

............# #######
#..........## ###########......
##..........#####...........###..
#####.####.......).......##.##...
#.....................##.##.##.##
#.###.########........#.........#
..###.# #...................
.###..# #.z......#..⌠...⌠..#
..##..# #..@.....#.........#
#>##..# ##.............>...[.
#.##..# ###.........#....)...[#
#.#..## #...........#..⌠...⌠).#
#....# #.#....####.......[...(
...#.### #.#....#....#.........#
.......####.#......#####.##.##.##
..##.#......#....#.<.# #.##.##...
#....####........#...# #....####.


You could see a wight.

Vanquished Creatures
  Grinder (D:5)
  An ice beast (D:5)
  3 black bears
  A centaur (D:6)
  A phantom (D:6)
  Blork the orc (D:5)
  A wight (D:6)
  A howler monkey (D:6)
  7 hounds
  2 jellies (D:4)
  2 orc priests
  Jessica (D:3)
  2 orc wizards
  Natasha (thrice) (D:3)
  An iguana (D:6)
  3 adders
  13 gnolls
  2 dart slugs
  14 orcs
  5 endoplasms
  4 giant cockroaches
  7 goblins
  A hobgoblin (D:3)
  4 jackals (D:3)
  6 kobolds
  4 quokkas
  3 ball pythons
  3 bats (D:2)
  7 frilled lizards
  6 rats
110 creatures vanquished.

Vanquished Creatures (others)
  4 toadstools (D:6)
4 creatures vanquished.

Grand Total: 114 creatures vanquished

Notes
Turn   | Place    | Note
-------+----------+-------------------------------------------
     0 | D:1      | voltaire321 the Kobold Enchanter began the quest for the
                  | Orb.
     0 | D:1      | Reached XP level 1. HP: 10/10 MP: 3/3
    34 | D:1      | Found a faded altar of an unknown god.
   172 | D:1      | Reached XP level 2. HP: 15/15 MP: 5/5
   175 | D:1      | Learned a level 2 spell: Ensorcelled Hibernation
   879 | D:2      | Reached XP level 3. HP: 20/20 MP: 3/6
  1979 | D:3      | Reached skill level 1 in Fighting
  1979 | D:3      | Reached XP level 4. HP: 25/25 MP: 4/7
  2169 | D:3      | Noticed Natasha
  2173 | D:3      | Killed Natasha
  2174 | D:3      | Reached skill level 5 in Stealth
  2287 | D:3      | Reached skill level 1 in Ice Magic
  2287 | D:3      | Reached XP level 5. HP: 16/29 MP: 5/9
  2399 | D:3      | Noticed Jessica
  2404 | D:3      | Killed Jessica
  2588 | D:3      | Noticed Natasha
  2602 | D:3      | Killed Natasha
  2603 | D:3      | Reached XP level 6. HP: 27/34 MP: 3/10
  2910 | D:3      | Noticed Natasha
  2916 | D:3      | Killed Natasha
  3559 | D:4      | Reached skill level 6 in Stealth
  3641 | D:4      | Found the Hermit's Pendant {Faith Invo=14 Evo=0 MP+5}
  3748 | D:4      | Reached XP level 7. HP: 35/40 MP: 0/11
  4206 | D:4      | Reached skill level 1 in Armour
  4594 | D:5      | Entered Level 5 of the Dungeon
  4651 | D:5      | Noticed Grinder
  4657 | D:5      | Killed Grinder
  4658 | D:5      | Reached skill level 7 in Stealth
  4658 | D:5      | Reached XP level 8. HP: 41/45 MP: 13/13
  4695 | D:5      | Learned a level 3 spell: Tukima's Dance
  5002 | D:5      | Found a staircase to the Ecumenical Temple.
  5010 | D:5      | Noticed Blork the orc
  5011 | Temple   | Entered the Ecumenical Temple
  5521 | Temple   | Became a worshipper of Makhleb the Destroyer
  5929 | D:5      | Killed Blork the orc
  6742 | D:6      | Reached skill level 8 in Stealth
  6789 | D:6      | Reached XP level 9. HP: 17/51 MP: 19/19
  7102 | D:6      | Reached skill level 5 in Short Blades
  7140 | D:5      | HP: 1/47 [wight/+0 falchion (4)]
  7140 | D:5      | Slain by a wight

Illustrated notes

Levels and vault maps discovered:
D:1:      dpeg_arrival_round_b, layout_basic, chequers_ecumenical_altar_simple
D:2:      layout_loops_corners
D:3:      layout_loops_ring, feat_on_display, uniq_jessica, uniq_natasha
D:4:      layout_basic, nrook_mini_vaults, grunt_ministairs_11,
          minmay_misc_feat_roman, cheibrodos_gnoll_hut
D:5:      layout_rooms, minmay_temple_entry_large_hall, uniq_grinder,
          uniq_blork_the_orc
D:6:      layout_cave_pools, minmay_gold_behind_fungi, uniq_crazy_yiuf_cottage
Temple:   mainiacjoe_temple_starburst

Skill      XL: |  1  2  3  4  5  6  7  8  9 |
---------------+----------------------------+-----
Short Blades   | 2 3 4 5 |  5.0
Fighting       | 1 2 3 |  3.7
Dodging        | 3 4 |  4.9
Stealth        | 5 6 7 8 |  8.5
Ice Magic      | 1 2 3 |  3.3
Spellcasting   | 3 4 |  4.3
Armour         | 1 2 |  2.4
Hexes          | 4 |  4.6

Action                     |  1- 3 |  4- 6 |  7- 9 || total
---------------------------+-------+-------+-------++-------
  Melee: Dagger            |    47 |    82 |   132 ||   261
         Punch             |       |       |     3 ||     3
   Cast: Ensorcelled Hiber |    10 |    41 |    43 ||    94
  Evoke: Wand              |       |       |     4 ||     4
    Use: Scroll            |       |       |    14 ||    14
   Stab: Sleeping          |    28 |    35 |    32 ||    95
         Distracted        |       |       |     1 ||     1
 Armour: Robe              |     2 |       |       ||     2
         Leather armour    |       |     8 |    22 ||    30
  Dodge: Dodged            |    14 |    60 |   108 ||   182

Table legend: (Time is in decaauts)
 A = Elapsed time spent in this place.
 B = Non-inter-level travel time spent in this place.
 C = Inter-level travel time spent in this place.
 D = Time resting spent in this place.
 E = Time spent auto-exploring this place.
 F = Levels seen in this place.
 G = Mean time per level.
                   A        B        C        D        E       F      G
               +--------+--------+--------+--------+--------+-----+--------+
         Total |   7100 |   6606 |    494 |   1039 |   4370 |   7 | 1014.3 |
       Dungeon |   6188 |   5806 |    382 |    984 |   3680 |   6 | 1031.3 |
        Temple |    911 |    799 |    112 |     55 |    690 |   1 |  911.0 |
               +--------+--------+--------+--------+--------+-----+--------+

Top non-repeatable levels by time:
     D:3: 1500 daAuts
     D:4: 1388 daAuts
     D:2: 1120 daAuts
  Temple: 911 daAuts
     D:1: 844 daAuts
     D:5: 783 daAuts
     D:6: 552 daAuts
